 Dungeon Crawl Stone Soup version 0.21.1-1-g345015f (webtiles) character file.

98 inc the Insei (level 4, -3/27 HPs)
             Began as an Octopode Ice Elementalist on June 13, 2018.
             Slain by an orc (5 damage)
             ... on level 3 of the Dungeon.
             The game lasted 00:03:23 (2839 turns).

inc the Insei (Octopode Ice Elementalist)           Turns: 2839, Time: 00:03:24

Health: -3/27      AC:  1    Str:  7    XL:     4   Next: 69%
Magic:  4/7        EV: 13    Int: 17    God:
Gold:   78         SH:  0    Dex: 13    Spells: 3/7 levels left

rFire    . . .     SeeInvis .     - Unarmed
rCold    . . .     Gourm    .   (no shield)
rNeg     . . .     Faith    .   (helmet restricted)
rPois    .         Spirit   .   (no amulet)
rElec    .         Reflect  .   (no ring)
rCorr    .         Harm     .   (no ring)
MR       .....                  (no ring)
Stlth    +++.......             (no ring)
HPRegen  0.09/turn              (no ring)
MPRegen  0.10/turn              (no ring)
                                (no ring)
                                (no ring)

@: no status effects
A: almost no armour, stealthy swim, amphibious, 8 rings, constrict 8, camouflage
1, gelatinous body 1
a: no special abilities


You were on level 3 of the Dungeon.
You were not hungry.

You visited 1 branch of the dungeon, and saw 3 of its levels.

You collected 78 gold pieces.

Inventory:

Scrolls
 c - a scroll of noise {unknown}
 d - 5 scrolls of identify {unknown}
 e - 3 scrolls of teleportation {unknown}
 h - a scroll of blinking {unknown}
 i - a scroll of fear {unknown}
Potions
 f - 3 potions of haste
Books
 a - a book of Frost

   Spells                             Type                      Level
   a - Freeze                         Ice                          1
   b - Throw Frost                    Conjuration/Ice              2
   c - Ozocubu's Armour               Charms/Ice                   3
   d - Throw Icicle                   Conjuration/Ice              4
   e - Summon Ice Beast               Ice/Summoning                4
Comestibles
 b - 7 rations


   Skills:
 - Level 2.0 Dodging
 - Level 2.6 Stealth
 - Level 4.0 Unarmed Combat
 - Level 2.0 Spellcasting
   Level 1.0 Conjurations
 + Level 0.9 Charms
 - Level 3.0 Ice Magic


You had 3 spell levels left.
You knew the following spells:

 Your Spells              Type           Power        Failure   Level  Hunger
a - Freeze                Ice            ##..         5%          1    #......
b - Ozocubu's Armour      Chrm/Ice       #.......     26%         3    ###....


Dungeon Overview and Level Annotations

Branches:
Dungeon (3/15)

Altars:
Elyvilon
Fedhas
Makhleb
Xom


Innate Abilities, Weirdness & Mutations

You cannot wear most types of armour.
You are very stealthy in the water. (Stealth+)
You are amphibious.
You can wear up to eight rings at the same time.
You can use your tentacles to constrict eight enemies at once.
Your skin changes colour to match your surroundings (Stealth+).
Your rubbery body absorbs attacks. (AC +1, EV +1)


Message History

You tentacle-slap the orc but do no damage.
Your grab misses the orc. You constrict the orc.
You kill the orc!
Unknown command.
You tentacle-slap the orc but do no damage.
Your grab misses the orc. The orc completely misses you.
The orc closely misses you.
Unknown command.
You closely miss the orc. You grab the orc. You constrict the orc.
The orc hits you with a war axe of freezing.
* * * LOW HITPOINT WARNING * * *
The orc freezes you.
* * * LOW HITPOINT WARNING * * *
The orc barely misses you.
Unknown command.
You tentacle-slap the orc. Your grab misses the orc.
Your squeeze misses the orc.
The orc is almost dead.
You constrict the orc. The orc hits you.
You die...

..#.#####......# #...... #.#.#
#%####.# #...o.. #.#.#
#.####.#####.)[†..
..###.#.#####..........#J.....
#............#####.###........
.##..#............#.# #.#......
...............##<#.###.##'####
.....###.#####o####........#
.... #.# #@oJ..........# ...
#.# #############.# ### #.# #.#
#.# #.# #.# .#


You could see an ooze and 2 orcs.

Vanquished Creatures
  2 adders (D:2)
  An ooze (D:1)
  3 worms (D:2)
  4 dart slugs
  A leopard gecko (D:1)
  3 orcs (D:3)
  5 bats
  4 giant cockroaches
  3 goblins
  6 hobgoblins
  2 jackals (D:2)
  9 kobolds
  A quokka (D:2)
  A ball python (D:2)
  3 frilled lizards
  5 rats
53 creatures vanquished.

Notes
Turn   | Place    | Note
-------+----------+-------------------------------------------
     0 | D:1      | inc the Octopode Ice Elementalist began the quest for the Orb.
     0 | D:1      | Reached XP level 1. HP: 11/11 MP: 3/3
   182 | D:1      | Reached skill level 1 in Unarmed Combat
   212 | D:1      | Reached XP level 2. HP: 9/17 MP: 5/5
   433 | D:1      | Reached skill level 2 in Unarmed Combat
   812 | D:1      | Reached XP level 3. HP: 21/21 MP: 6/6
  1267 | D:2      | Reached skill level 3 in Unarmed Combat
  1913 | D:2      | Reached XP level 4. HP: 27/27 MP: 7/7
  2088 | D:2      | Found a burning altar of Makhleb.
  2090 | D:2      | Found a white marble altar of Elyvilon.
  2254 | D:2      | Reached skill level 4 in Unarmed Combat
  2302 | D:2      | Learned a level 3 spell: Ozocubu's Armour
  2481 | D:2      | Found a shimmering altar of Xom.
  2487 | D:2      | Found a blossoming altar of Fedhas.
  2839 | D:3      | Slain by an orc

Skill      XL: |  1  2  3  4 |
---------------+-------------+-----
Unarmed Combat | 1 2 3 4 |  4.0
Dodging        | |  2.0
Stealth        | |  2.6
Spellcasting   | |  2.0
Conjurations   | |  1.0
Charms         | |  0.9
Ice Magic      | |  3.0

Action                   |  1- 3 |  4- 6 || total
-------------------------+-------+-------++-------
Melee: Unarmed           |   110 |    63 ||   173
       Tentacles         |    17 |     6 ||    23
       Constrict         |    26 |    14 ||    40
       Punch             |     4 |       ||     4
 Cast: Freeze            |       |     3 ||     3
  Use: Potion            |       |     2 ||     2
 Stab: Sleeping          |    10 |     1 ||    11
  Eat: Chunk             |     3 |     3 ||     6
Armor: Skin              |     7 |     8 ||    15
Dodge: Dodged            |    52 |    55 ||   107
